Map: New Repugnancy LE

Players

iAsonu

  • Race: Zerg Zerg
  • Spawn Location: 7:00

MaNa - Winner!

  • Race: Protoss Protoss
  • Spawn Location: 1:00

Event: 2019 WCS Summer

VOD

Have the link to the VOD?

Description

Time

  • Played on: July 12, 2019, 2:11 p.m.
  • Length: 7:41

All games in this series

Show
View Real Time Build Order
Export as new Build Order

iAsonu Zerg 

Build Orders: Hatch First 

Get SALT Encoding   

  12  0:01  Drone  
  13  0:12  Overlord  
  13  0:16  Drone  
  14  0:30  Drone  
  15  0:42  Drone x2  
  17  0:45  Drone  
  18  0:56  Hatchery  
  17  0:59  Drone  
  17  1:01  Extractor  
  17  1:06  Drone  
  18  1:18  Spawning Pool  
  18  1:21  Drone  
  18  1:29  Drone  
  19  1:38  Drone  
  20  1:49  Overlord  
  20  2:05  Metabolic Boost, Queen  
  20  2:07  Zergling x2  
  23  2:09  Queen  
  23  2:10  Zergling x2  
  23  2:13  Zergling x2  
  27  2:24  Zergling x4  
  29  2:30  Zergling x2  
  30  2:40  Zergling x2  
  31  2:45  Queen  
  31  2:48  Overlord  
  31  2:51  Zergling x4  
  31  3:06  Zergling x6  
  30  3:16  Drone x4  
  34  3:22  Drone x2  
  34  3:26  Drone  
  36  3:36  Drone  
  36  3:37  Drone  
  36  3:40  Drone  
  39  3:41  Drone  
  39  3:42  Drone  
  41  3:56  Hatchery  
  41  4:00  Drone x2  
  41  4:03  Drone x2  
  43  4:18  Overlord  
  43  4:21  Zergling x2  
  44  4:25  Roach Warren  
  44  4:26  Zergling x2  
  44  4:29  Overlord  
  44  4:35  Overlord  
  44  4:38  Drone  
  45  4:39  Zergling x12  
  45  4:45  Overlord  
  51  4:48  Drone  
  52  4:58  Zergling x8  
  56  5:02  Zergling x6  
  56  5:03  Zergling x2  
  60  5:12  Roach x2  
  60  5:13  Roach  
  65  5:20  Roach x2  
  68  5:25  Roach  
  68  5:32  Roach x3  
  62  5:46  Zergling x14, Roach  
  62  5:53  Drone x2  
  56  6:04  Drone x3  
  56  6:09  Drone, Queen  
  57  6:14  Drone  
  57  6:15  Drone  
  59  6:23  Extractor  
  59  6:24  Overlord  
  58  6:26  Drone x4  
  58  6:30  Overlord  
  58  6:31  Drone  
  63  6:37  Drone  
  64  6:44  Drone x2  
  64  6:45  Drone  
  67  6:51  Roach x2  
  70  6:55  Overlord  
  70  6:56  Zergling x6  
  73  7:01  Roach  
  73  7:04  Roach  
  73  7:08  Roach  
  79  7:12  Roach  
  81  7:19  Roach x2  
Show
View Real Time Build Order
Export as new Build Order

MaNa Protoss - Winner!

Build Orders: Mass Adepts 

Get SALT Encoding   

  12  0:00  Probe  
  13  0:13  Probe, Pylon  
  14  0:21  Probe  
  15  0:31  Probe  
  16  0:40  Gateway  
  16  0:43  Probe  
  16  0:48  Assimilator  
  17  0:55  Probe  
  18  1:07  Probe  
  19  1:14  Gateway  
  19  1:20  Probe  
  19  1:23  Pylon  
  20  1:27  Cybernetics Core  
  20  1:32  Probe  
  21  1:34  Zealot  
  23  1:55  Adept x2  
  24  2:01  Probe  
  28  2:17  Nexus  
  28  2:24  Pylon  
  28  2:31  Stalker  
  28  2:35  Probe  
  31  2:39  Warp Gate  
  31  2:44  Assimilator  
  31  2:47  Probe  
  30  2:59  Probe  
  30  3:17  Twilight Council  
  30  3:19  Adept x2  
  34  3:21  Probe  
  34  3:25  Probe  
  35  3:29  Probe  
  35  3:33  Probe, Resonating Glaives  
  37  3:37  Probe  
  39  3:43  Probe  
  40  3:48  Probe  
  41  3:55  Probe  
  41  3:58  Gateway  
  41  4:00  Probe  
  43  4:03  Gateway  
  43  4:08  Probe  
  44  4:12  Probe  
  44  4:16  Robotics Facility  
  45  4:20  Probe  
  46  4:25  Probe  
  46  4:27  Adept x2  
  46  4:31  Pylon  
  51  4:34  Probe  
  51  4:37  Probe, Pylon  
  53  4:45  Assimilator  
  53  4:47  Assimilator  
  53  4:54  Adept  
  53  4:55  Adept x2  
  53  4:57  Adept  
  61  5:02  Observer, Probe x2  
  64  5:14  Pylon  
  64  5:15  Adept x2  
  64  5:20  Sentry x2  
  70  5:29  Warp Prism  
  70  5:32  Probe  
  70  5:33  Probe  
  72  5:46  Sentry x3  
  70  5:57  Immortal  
  70  6:01  Probe  
  67  6:10  Adept x3  
  67  6:11  Adept  
  73  6:18  Gateway  
  73  6:21  Gateway  
  73  6:28  Pylon  
  73  6:36  Adept x2  
  77  6:43  Pylon  
  77  6:57  Stalker x4  
  77  7:00  Pylon  
  85  7:02  Pylon  
  85  7:13  Adept x2  
  89  7:18  Adept  
  89  7:20  Stalker  
  89  7:21  Stalker  
  87  7:32  Adept  
  87  7:33  Adept  
Tags
 
Add a new tag
Caveats
  • Supply blocks, unpowered buildings, or Contaminate may cause inaccurate times.
  • Supply counts are checked every 10 seconds.